 Dungeon Crawl Stone Soup version 0.22-a0-3-g4fa69d9a97 (webtiles) character file.

24 Manul the Ducker (level 2, -2/16 HPs)
             Began as a Spriggan Abyssal Knight on Jan 1, 2018.
             Was a Follower of Lugonu.
             Slain by a kobold
             ... wielding a +0 club
              (4 damage)
             ... on level 1 of the Dungeon.
             The game lasted 00:01:50 (1047 turns).

Manul the Ducker (Spriggan Abyssal Knight)          Turns: 1047, Time: 00:01:50

Health: -2/16      AC:  4    Str:  8    XL:     2   Next: 79%
Magic:  4/4        EV: 18    Int: 13    God:    Lugonu [*.....]
Gold:   79         SH:  0    Dex: 15    Spells: 1/1 levels left

rFire    . . .     SeeInvis +   a - +1 short sword
rCold    . . .     Gourm    .   (shield restricted)
rNeg     . . .     Faith    .   d - +0 troll leather armour
rPois    .         Spirit   .   (helmet restricted)
rElec    .         Reflect  .   (no cloak)
rCorr    .         Harm     .   (gloves unavailable)
MR       .....                  (boots unavailable)
Stlth    +.........             (no amulet)
HPRegen  0.45/turn              (no ring)
MPRegen  0.09/turn              (no ring)

@: very quick
A: very small, unfitting armour, see invisible, herbivore, speed 3, slow
metabolism 2
a: Depart the Abyss, Renounce Religion


You were on level 1 of the Dungeon.
You worshipped Lugonu.
Lugonu was aware of your devotion.
You were not hungry.

You visited 1 branch of the dungeon, and saw 2 of its levels.
You visited the Abyss 1 time.

You collected 79 gold pieces.

Inventory:

Hand Weapons
 a - a +1 short sword (weapon)
Armour
 b - a +0 robe
 d - a +0 troll leather armour (worn)
Scrolls
 f - 4 scrolls of amnesia {unknown}
 h - 2 scrolls of teleportation {unknown}
 i - 2 scrolls of identify {unknown}
Potions
 g - a potion of curing {unknown}
 j - 2 potions of might {unknown}
 k - a potion of agility {unknown}
Books
 e - a book of Death

   Spells                             Type                      Level
   a - Corpse Rot                     Necromancy                   2
   b - Sublimation of Blood           Necromancy                   2
   c - Agony                          Necromancy                   5
   d - Dispel Undead                  Necromancy                   5
   e - Excruciating Wounds            Charms/Necromancy            5
   f - Bolt of Draining               Conjuration/Necromancy       5
Comestibles
 c - 3 rations


   Skills:
 + Level 2.8 Fighting
 + Level 2.8 Short Blades
 + Level 0.2 Armour
 + Level 3.7 Dodging
 + Level 1.9 Invocations


You had one spell level left.
You didn't know any spells.

Dungeon Overview and Level Annotations

Branches:
Dungeon (2/15)

Altars:


Innate Abilities, Weirdness & Mutations

You are very small and have problems with some larger weapons.
You are too small for most types of armour.
You have supernaturally acute eyesight. (SInv)
You are a herbivore.
You cover ground extremely quickly.
You need consume almost no food.


Message History

You completely miss the howler monkey.
The howler monkey is severely wounded.
The leopard gecko bites you but does no damage.
The howler monkey misses you. The kobold hits you but does no damage.
You hit the howler monkey but do no damage.
The howler monkey is heavily wounded.
The leopard gecko bites you. The howler monkey hits you.
* * * LOW HITPOINT WARNING * * *
The kobold completely misses you. The leopard gecko misses you.
You hit the howler monkey.
The howler monkey is severely wounded.
The howler monkey hits you but does no damage.
The leopard gecko completely misses you.
The kobold hits you with a club.
* * * LOW HITPOINT WARNING * * *
You hit the howler monkey.
The howler monkey is almost dead.
The howler monkey barely misses you. The leopard gecko misses you.
The kobold hits you with a club.
You die...

######## #......#####
############ #####......#
#..........# ###.....
#..........# ######
#.........)# #..........#
## #........l.#
#########. #.......รท@.#
##...#..... #......)Kh.#
#.......... #..........#
#..######## ##......(###
#..##...... #.......#
#..#.#.....
#.....(.#######..#..#....
#................#...#..#
#.......#######..#....#..
#.......#######..#.....##


You could see a howler monkey, a leopard gecko and a kobold.

Vanquished Creatures
  A dart slug (D:1)
  4 bats (D:1)
  A giant cockroach (D:1)
  A goblin (D:1)
  6 hobgoblins
  3 kobolds (D:1)
  4 rats (D:1)
20 creatures vanquished.

Vanquished Creatures (others)
  4 starspawn tentacles (Abyss:1)
4 creatures vanquished.

Grand Total: 24 creatures vanquished

Notes
Turn   | Place    | Note
-------+----------+-------------------------------------------
     0 | Abyss:1  | Manul the Spriggan Abyssal Knight began the quest for the Orb.
     0 | Abyss:1  | Reached XP level 1. HP: 11/11 MP: 3/3
    72 | Abyss:1  | Noticed a raiju
    99 | Abyss:1  | Noticed a starcursed mass
   101 | Abyss:1  | Noticed a hellion
   198 | Abyss:1  | Noticed a chaos spawn
   221 | Abyss:1  | Noticed a ynoxinul
   237 | Abyss:1  | Noticed an insubstantial wisp
   244 | Abyss:1  | Noticed a tentacled starspawn
   250 | Abyss:1  | Noticed a starcursed mass
   306 | Abyss:2  | Found a corrupted altar of Lugonu.
   311 | Abyss:2  | Noticed a worldbinder
   313 | Abyss:2  | Noticed an iron imp
   318 | Abyss:2  | Noticed a raiju
   319 | Abyss:2  | Noticed a deep elf mage
   357 | Abyss:2  | Noticed a thrashing horror
   360 | Abyss:2  | Noticed an orange demon
   379 | Abyss:2  | Noticed a small abomination
   391 | Abyss:2  | Noticed an eidolon
   396 | D:1      | Escaped the Abyss
   632 | D:1      | Reached * piety under Lugonu
   636 | D:1      | Reached XP level 2. HP: 13/16 MP: 4/4
  1028 | D:2      | Noticed a howler monkey
  1047 | D:1      | Slain by a kobold

Vault maps used:
D:1:      matt_arrival_diagonals
D:2:      serial_bayou_lagoon_a

Action                   || total
-------------------------++-------
Melee: Short sword       ||   100
Invok: Depart the Abyss  ||     1
Armor: Troll leather arm ||    20
Dodge: Dodged            ||   128

Table legend:
 A = Spawn XP
 B = Non-spawn XP
 C = Spawn XP percentage of total XP
 D = Spawn monster count
 E = Non-spawn monster count
 F = Spawn count percentage of total count
 G = Total turns spent on level
                    A         B        C        D         E        F      G
               +---------+---------+-------+---------+---------+-------+---------
         Total |       0 |      35 |   0.0 |       0 |      20 |   0.0 |  1047
               +---------+---------+-------+---------+---------+-------+---------
           D:1 |       0 |      33 |   0.0 |       0 |      19 |   0.0 |   639
           D:2 |       0 |       2 |   0.0 |       0 |       1 |   0.0 |    12
               +---------+---------+-------+---------+---------+-------+---------
